 Dungeon Crawl Stone Soup version 0.28-a0-998-gb9e9c7b67e (webtiles) character file.

Game seed: 13203661833277697359

64680 rogsnak the Stormcaller (level 14, 0/108 HPs)
             Began as a Black Draconian Air Elementalist on Dec 4, 2021.
             Was a Follower of Lugonu.
             Killed from afar by a wretched star (22 damage)
             ... with a lance of force
             ... on level 2 of the Abyss on Dec 5, 2021.
             The game lasted 01:48:16 (34780 turns).

rogsnak the Stormcaller (DrAE)                     Turns: 34780, Time: 01:48:17

Health: 0/108      AC: 12    Str: 10    XL:     14   Next: 72%
Magic:  22/32      EV: 17    Int: 21    God:    Lugonu [*.....]
Gold:   1240       SH:  4    Dex: 12    Spells: 19/41 levels left

rFire   + + .      SeeInvis .   F - +2 dagger (venom)
rCold   + . .      Faith    +   W - +1 buckler {rF+}
rNeg    . . .      Spirit   .   (armour unavailable)
rPois   +          Reflect  .   (helmet restricted)
rElec   +          Harm     .   s - scarf {rC+ rF+}
rCorr   .          Rampage  .   A - +2 pair of gloves
Will    +....      Rage     3%  x - +0 pair of boots
Stlth   ++........              g - amulet of faith
HPRegen 0.28/turn               n - +4 ring of evasion
MPRegen 0.23/turn               Y - ring of poison resistance

@: flying
A: breathe lightning, AC +8, unfitting armour, big wings, electricity
resistance, cold-blooded, [berserk 2]
a: Breathe Lightning, Renounce Religion, Depart the Abyss


You were on level 2 of the Abyss.
You worshipped Lugonu.
Lugonu was aware of your devotion.
You visited 4 branches of the dungeon, and saw 19 of its levels.
You visited the Abyss 1 time.
You also visited: Bailey.

You collected 1600 gold pieces.
You spent 360 gold pieces at shops.

Inventory:

Hand Weapons
 B - a +3 scimitar of flaming
 F - a +2 dagger of venom (weapon)
 H - the +4 quarterstaff of Responsibility {freeze, Fly rElec rPois Dex-3}
   (You found it on level 10 of the Dungeon)

   It freezes those it strikes, dealing additional cold damage.
   It can also slow down cold-blooded creatures.
   Dex:       It affects your dexterity (-3).
   rElec:     It insulates you from electricity.
   rPois:     It protects you from poison.
   Fly:       It grants you flight.
 N - a +0 falchion of electrocution
Missiles
 K - 62 poisoned darts
 O - a throwing net
 P - a curare-tipped dart
 Q - 9 atropa-tipped darts
Armour
 j - a scarf of repulsion
 s - a scarf of resistance (worn)
 x - a +0 pair of boots (worn)
 A - a +2 pair of gloves (worn)
 W - a +1 buckler of fire resistance (worn)
Jewellery
 g - an amulet of faith (around neck)
 n - a +4 ring of evasion (left hand)
 t - a ring of see invisible
 T - a ring of resist corrosion
 Y - a ring of poison resistance (right hand)
Wands
 c - a wand of paralysis (2)
 l - a wand of iceblast (15)
 w - a wand of digging (2)
 M - a wand of polymorph (6)
 S - a wand of acid (3)
 X - a wand of flame (6)
Scrolls
 b - 6 scrolls of blinking {unknown}
 k - 5 scrolls of teleportation
 o - a scroll of summoning
 r - 4 scrolls of enchant armour
 u - 2 scrolls of enchant weapon
 v - 5 scrolls of fear {unknown}
 y - 4 scrolls of fog {unknown}
 D - a scroll of magic mapping
 E - a scroll of immolation {unknown}
 J - a scroll of amnesia
 U - 5 scrolls of noise {unknown}
 Z - a scroll of holy word
Potions
 a - 2 potions of invisibility {unknown}
 d - 2 potions of flight {unknown}
 e - 2 potions of ambrosia {unknown}
 f - 2 potions of brilliance
 h - a potion of might
 i - 2 potions of cancellation {unknown}
 m - 6 potions of haste
 p - 2 potions of resistance {unknown}
 q - 7 potions of attraction {unknown}
 C - a potion of berserk rage
 G - 2 potions of magic
 I - 3 potions of curing {unknown}
 L - a potion of heal wounds
 R - 2 potions of lignification
 V - 4 potions of mutation
Miscellaneous
 z - a lightning rod (4/4)


   Skills:
 + Level 5.9 Fighting
 + Level 6.9 Dodging
 - Level 2.0 Stealth
 + Level 14.2 Spellcasting
 * Level 13.3 Conjurations
 + Level 17.2 Air Magic


You had 19 spell levels left.
You knew the following spells:

 Your Spells              Type           Power      Damage    Failure   Level
a - Shock                 Conj/Air       100%       1d9       0%          1
b - Swiftness             Air            72%        N/A       1%          3
c - Airstrike             Air            36%        N/A       1%          4
d - Mephitic Cloud        Conj/Pois/Air  55%        N/A       1%          3
e - Maxwell's Capacitive  Air            36%        ∞         36%         8
f - Stone Arrow           Conj/Erth      86%        3d12      1%          3

Your spell library contained the following spells:

 Spells                   Type           Power      Damage    Failure   Level
 Magic Dart               Conj           100%       1d8       1%          1
 Static Discharge         Conj/Air       68%        N/A       1%          2
 Summon Lightning Spire   Summ/Air       50%        N/A       1%          4
 Hailstorm                Conj/Ice       43%        3d10      4%          4
 Apportation              Tloc           28%        N/A       7%          1
 Freeze                   Ice            56%        1d7       7%          1
 Call Imp                 Summ           14%        N/A       11%         2
 Ensorcelled Hibernation  Hex/Ice        28%        N/A       11%         2
 Frozen Ramparts          Ice            28%        1d4       22%         3
 Tukima's Dance           Hex            14%        N/A       22%         3
 Storm Form               Tmut/Air       25%        N/A       87%         7
 Alistair's Intoxication  Tmut/Pois      9%         N/A       89%         5
 Lehudib's Crystal Spear  Conj/Erth      21%        10d6      100%        8
 Chain Lightning          Conj/Air       34%        3d45      100%        9
 Fire Storm               Conj/Fire      21%        8d6       100%        9
 Shatter                  Erth           7%         3d9*      100%        9
 Animate Armour           Summ/Erth      Unusable   N/A       N/A         4

Dungeon Overview and Level Annotations

Branches:
Dungeon (15/15)            Temple (1/1) D:7            Lair (1/6) D:11
    Orc (2/2) D:10            Elf (0/3) Orc:2        Bailey (visited)
 Vaults: D:13-14     Depths: D:15

Altars:
Ashenzari
Cheibriados
Elyvilon
Fedhas
Gozag
Kikubaaqudgha
Nemelex Xobeh
Ru
Sif Muna
Vehumet
Wu Jian
Xom
Yredelemnul
The Shining One
Beogh

Shops:
D:3 ?   D:9 (   D:10 :((   D:14 [   Orc:1 *   Orc:2 (=[

Annotations:
D:6 exclusion: oklob plant
D:14 Agnes, Roxanne
D:15 1 runed translucent door, Zoufau's ghost, adept DsFi
Lair:1 Sonja


Innate Abilities, Weirdness & Mutations

You can breathe wild blasts of lightning.
Your glossy black scales are hard. (AC +8)
You cannot fit into any form of body armour.
Your large and strong wings let you fly.
You are resistant to electric shocks. (rElec)
You are cold-blooded and may be slowed by cold attacks.
[You often lose your temper in combat.]


Message History

You don't know that spell.
Casting: Stone Arrow (safe; 1% risk of failure)
Confirm with . or Enter, or press ? or * to list all spells.
You don't know that spell.
Aiming: Shock (safe; 0% risk of failure)
Press: ? - help, Q - select action, (/) - cycle Shift-Dir - straight line, f/p - rakshasa
Aim: a rakshasa, wielding a +0 trident and wearing a +0 robe of cold resistance (severely wounded, 60% to hit)
The zap misses the rakshasa.
The zap hits the rakshasa.
The rakshasa is severely wounded.
The zap misses the rakshasa.
Unknown command.
Casting: Shock (safe; 0% risk of failure)
Confirm with . or Enter, or press ? or * to list all spells.
Aiming: Stone Arrow (safe; 1% risk of failure)
Press: ? - help, Shift-Dir - straight line, f/p - rakshasa
Aim: a rakshasa, wielding a +0 trident and wearing a +0 robe of cold resistance (severely wounded, 64% to hit)
The stone arrow hits the rakshasa!
You kill the rakshasa!
The rakshasa shimmers and vanishes! x2
Things that are here:
a +0 trident; a +0 robe of cold resistance You start resting.
A ynoxinul comes into view.
Things that are here:
a +0 trident; a +0 robe of cold resistance An iron imp and a wretched star come into view.
The small abomination hits you.
* * * LOW HITPOINT WARNING * * *
An orb spider comes into view.
The small abomination closely misses you.
The wretched star pulses with an eldritch light!
You feel a little pissed off.
You feel angry.
A wretched star and a spatial maelstrom come into view.
Found a jewelled whip and a box of beasts.
A blink frog comes into view.
The blink frog croaks.
The blink frog blinks!
The wretched star glows turbulently.
The lance of force hits you!!
You die...

## # .#...#. #..
#.#..... #v.#
#+##.#...#
#.}#.......# ..
8#).*@.#...## #.#
+..##+......###...
#§.+.s..x#.#...#...
# .
#.......#........#
#..#..###*....# .
.#
.............###..
#
..................
.
....#.....##......#
...###...###......#
.


You could see a spatial maelstrom, 2 wretched stars and a small abomination.

Vanquished Creatures
  2 orc warlords
  Snorg (Orc:1)
  Josephine (D:11)
  Harold (D:10)
  3 hydras
  A rakshasa (Abyss:2)
  2 ogre magi (D:15)
  5 centaur warriors
  A death knight (D:11)
  12 two-headed ogres
  A two-headed ogre (shapeshifter) (D:12)
  An orc high priest (Orc:2)
  A necromancer (D:14)
  Pikel (D:9)
  5 ugly things
  4 orc knights
  5 orc sorcerers
  2 deep elf pyromancers
  9 cyclopes
  A deep elf zephyrmancer (D:15)
  4 manticores
  An eye of devastation (shapeshifter) (D:14)
  5 komodo dragons
  2 unseen horrors (D:11)
  8 yaktaurs (D:13)
  An efreet (D:14)
  A kobold demonologist (D:13)
  2 tengu conjurers (D:13)
  4 trolls
  13 slime creatures
  A hornet (shapeshifter) (D:12)
  2 hornets
  3 wyverns
  18 yaks
  8 wraiths
  A shadow (D:13)
  13 humans (D:14)
  A steam dragon (D:7)
  2 wargs (Orc:1)
  8 vampire mosquitoes
  Edmund (D:5)
  2 acid dragons
  2 water moccasins (D:7)
  3 ice beasts (D:14)
  A swamp drake (D:11)
  27 orc warriors
  5 black bears
  11 ogres
  A black bear (shapeshifter) (D:15)
  A hornet zombie (D:8)
  22 centaurs
  2 kobold brigands (D:9)
  A phantom (D:4)
  4 lemures (D:9)
  Blork the orc (Orc:2)
  4 bullfrogs
  2 gnoll sergeants
  3 scorpions
  A wyvern zombie (D:8)
  6 killer bees (D:10)
  5 wights (D:8)
  3 howler monkeys
  4 electric eels (D:14)
  A jelly (D:4)
  19 orc priests
  A bullfrog zombie (D:10)
  A centaur zombie (D:8)
  5 hounds
  2 centaur skeletons
  Natasha (thrice) (D:3)
  29 orc wizards
  A hound zombie (D:5)
  A mummy (D:8)
  12 gnolls
  11 adders
  A howler monkey skeleton (D:4)
  A white imp (D:7)
  A worm (D:4)
  5 dart slugs
  65 orcs
  8 endoplasms
  5 giant cockroaches
  11 goblins
  6 hobgoblins
  8 jackals
  3 quokkas
  6 ball pythons
  4 bats
  A frilled lizard (D:1)
  30 kobolds
  3 rats
513 creatures vanquished.

Vanquished Creatures (collateral kills)
  A gnoll sergeant (Orc:1)
  A killer bee (D:10)
2 creatures vanquished.

Vanquished Creatures (others)
  13 plants
  2 withered plants (D:3)
15 creatures vanquished.

Grand Total: 530 creatures vanquished

Notes
Turn   | Place    | Note
-------+----------+-------------------------------------------
     0 | D:1      | rogsnak the Draconian Air Elementalist began the quest for
                  | the Orb.
     0 | D:1      | Reached XP level 1. HP: 14/14 MP: 3/3
   401 | D:1      | Reached XP level 2. HP: 17/20 MP: 0/5
  1517 | D:2      | Reached XP level 3. HP: 26/26 MP: 3/6
  2170 | D:2      | Found an ancient bone altar of Kikubaaqudgha.
  2497 | D:2      | Reached skill level 4 in Air Magic
  2599 | D:3      | Noticed Natasha
  2690 | D:3      | Reached XP level 4. HP: 34/34 MP: 0/7
  2850 | D:3      | Found a faded altar of an unknown god.
  2955 | D:3      | Found Hyvurits's Magic Scroll Shop.
  3139 | D:3      | Killed Natasha
  3164 | D:3      | Noticed Natasha
  3265 | D:3      | Killed Natasha
  3266 | D:3      | Reached XP level 5. HP: 33/39 MP: 3/9
  3330 | D:3      | Noticed Natasha
  3340 | D:3      | Killed Natasha
  4040 | D:4      | Reached XP level 6. HP: 39/46 MP: 3/10
  4405 | D:4      | Found a sacrificial altar of Ru.
  4688 | D:4      | Reached skill level 1 in Fighting
  5256 | D:5      | Entered Level 5 of the Dungeon
  5331 | D:4      | Your scales start taking on a glossy black colour.
  5331 | D:4      | Reached skill level 5 in Air Magic
  5331 | D:4      | Reached XP level 7. HP: 33/52 MP: 6/12
  5331 | D:4      | Gained mutation: You are resistant to electric shocks.
                  | (rElec) [Black Draconian growth]
  5458 | D:5      | Reached skill level 6 in Air Magic
  5495 | D:5      | Learned a level 3 spell: Swiftness
  5500 | D:5      | Learned a level 4 spell: Airstrike
  5504 | D:5      | Learned a level 3 spell: Mephitic Cloud
  5522 | D:5      | Reached skill level 5 in Conjurations
  6313 | D:5      | Noticed Edmund
  6330 | D:5      | Killed Edmund
  6331 | D:5      | Reached XP level 8. HP: 40/59 MP: 4/14
  6836 | D:5      | Reached skill level 7 in Air Magic
  7029 | D:6      | Reached skill level 5 in Spellcasting
  7630 | D:6      | Found a blossoming altar of Fedhas.
  7642 | D:6      | Noticed an oklob plant
  7996 | D:7      | Found a snail-covered altar of Cheibriados.
  8108 | D:7      | Reached skill level 8 in Air Magic
  8199 | D:7      | Found a staircase to the Ecumenical Temple.
  8368 | D:7      | Reached XP level 9. HP: 30/67 MP: 10/17
  8725 | D:7      | Found a glowing golden altar of the Shining One.
  8725 | D:7      | Found an ornate altar of the Wu Jian Council.
  8725 | D:7      | Found an opulent altar of Gozag.
  8726 | D:7      | Found a sparkling altar of Nemelex Xobeh.
  9440 | D:8      | Reached skill level 9 in Air Magic
  9449 | D:8      | Found a flagged portal.
  9534 | Bailey   | Entered a bailey
  9560 | Bailey   | Upgraded the game from 0.28-a0-984-g3775c662fe to
                  | 0.28-a0-991-g956f0ee3d5
  9685 | Bailey   | Noticed an orc warlord
  9881 | Bailey   | Noticed an orc knight
  9933 | Bailey   | Killed an orc knight
 10148 | Bailey   | Found a runed translucent gate.
 10148 | Bailey   | Found a runed translucent gate.
 10160 | Bailey   | Found a runed translucent gate.
 10271 | Bailey   | Killed an orc warlord
 10272 | Bailey   | Reached XP level 10. HP: 74/74 MP: 13/20
 10465 | D:8      | Reached skill level 10 in Air Magic
 11218 | D:9      | Noticed a two-headed ogre
 11259 | D:9      | Killed a two-headed ogre
 11381 | D:9      | Found Abitif's Weapon Shop.
 12163 | D:9      | Noticed Pikel
 12179 | D:9      | Killed Pikel
 12180 | D:9      | Reached skill level 11 in Air Magic
 12423 | D:10     | Entered Level 10 of the Dungeon
 12707 | D:10     | Found Moawastual's Weapon Emporium.
 12762 | D:10     | Reached skill level 5 in Fighting
 12762 | D:10     | Reached skill level 5 in Dodging
 12762 | D:10     | Reached skill level 10 in Conjurations
 12762 | D:10     | Reached XP level 11. HP: 86/86 MP: 22/24
 12861 | D:10     | Noticed Harold
 12892 | D:10     | Killed Harold
 12893 | D:10     | Reached skill level 12 in Air Magic
 13062 | D:10     | Noticed a two-headed ogre
 13071 | D:10     | Killed a two-headed ogre
 13292 | D:10     | Found Kuocitu's Weapon Boutique.
 13435 | D:10     | Found a staircase to the Orcish Mines.
 13458 | D:10     | Reached XP level 12. HP: 78/94 MP: 20/25
 13873 | D:10     | Found a white marble altar of Elyvilon.
 13949 | D:10     | Found Utourr's Book Shoppe.
 13984 | D:10     | Found a shimmering altar of Xom.
 14115 | Temple   | Entered the Ecumenical Temple
 14127 | Temple   | Became a worshipper of Sif Muna the Loreminder
 14251 | D:11     | Noticed a two-headed ogre
 14256 | D:11     | Noticed a death knight
 14271 | D:11     | Killed a two-headed ogre
 14375 | D:11     | Noticed Josephine
 14858 | D:11     | Noticed a two-headed ogre
 14946 | D:11     | Killed a two-headed ogre
 14947 | D:11     | Reached skill level 10 in Spellcasting
 15657 | D:11     | Reached skill level 13 in Air Magic
 15790 | D:10     | Upgraded the game from 0.28-a0-991-g956f0ee3d5 to
                  | 0.28-a0-998-gb9e9c7b67e
 16331 | D:11     | Reached * piety under Sif Muna
 16397 | D:12     | Noticed a fire dragon
 16886 | D:11     | Killed Josephine
 17128 | D:11     | Acquired a scarf of repulsion
 17129 | D:11     | Acquired a scarf of resistance
 17603 | D:12     | Noticed a two-headed ogre
 17620 | D:12     | Killed a two-headed ogre
 17747 | D:12     | Noticed a fire dragon
 18131 | D:11     | Killed a death knight
 18439 | D:12     | Reached skill level 14 in Air Magic
 19124 | D:12     | Reached XP level 13. HP: 101/101 MP: 23/28
 20134 | D:11     | Found a staircase to the Lair.
 20603 | D:13     | Reached ** piety under Sif Muna
 23700 | D:13     | Reached skill level 15 in Air Magic
 24604 | D:14     | Found Siuclahi's Antique Armour Boutique.
 24629 | D:14     | Noticed Agnes
 25315 | D:14     | Reached *** piety under Sif Muna
 26802 | D:14     | Noticed Roxanne
 26847 | D:15     | Entered Level 15 of the Dungeon
 26927 | D:15     | Gained mutation: Your large and strong wings let you fly.
                  | [Black Draconian growth]
 26927 | D:15     | Reached XP level 14. HP: 99/108 MP: 8/31
 26939 | D:15     | Reached skill level 16 in Air Magic
 27633 | D:15     | HP: 3/108 [centaur warrior/arrow (24)]
 28444 | D:15     | Reached **** piety under Sif Muna
 28823 | D:15     | Found a runed translucent door.
 28824 | D:15     | Noticed Zoufau's ghost (adept DsFi)
 29210 | D:15     | Noticed a cyan very ugly thing
 29707 | D:10     | Learned a level 8 spell: Maxwell's Capacitive Coupling
 29729 | D:10     | Identified the +4 quarterstaff of Responsibility {freeze,
                  | Fly rElec rPois Dex-3}
 29825 | Orc:1    | Entered Level 1 of the Orcish Mines
 29889 | Orc:1    | Found Fiuranu Zapn's Gadget Gallery.
 30033 | Orc:1    | Noticed Snorg
 30040 | Orc:1    | Killed Snorg
 30778 | Orc:2    | Entered Level 2 of the Orcish Mines
 31408 | Orc:2    | Paralysed by an orc sorcerer for 3 turns
 31469 | Orc:2    | Noticed an orc warlord
 31472 | Orc:2    | Noticed Blork the orc
 31621 | Orc:2    | Found a staircase to the Elven Halls.
 32328 | Orc:2    | Reached ***** piety under Sif Muna
 32929 | Orc:2    | Received a gift from Sif Muna
 32935 | Orc:2    | Learned a level 3 spell: Stone Arrow
 32967 | Orc:2    | Killed Blork the orc
 33333 | Orc:2    | Reached skill level 17 in Air Magic
 33683 | Orc:2    | Found Tocud's Jewellery Boutique.
 33688 | Orc:2    | Found Ipetzud's Antique Armour Boutique.
 33707 | Orc:2    | Found Pitogomu's Antique Weapon Boutique.
 34101 | Orc:2    | Found Berabuno's General Store.
 34301 | Orc:2    | Bought a glowing buckler for 180 gold pieces
 34303 | Orc:2    | Bought a shiny buckler for 180 gold pieces
 34459 | Orc:1    | Killed an orc warlord
 34552 | Lair:1   | Entered Level 1 of the Lair of Beasts
 34668 | Lair:1   | Noticed Sonja
 34685 | Lair:1   | Cast into level 2 of the Abyss (Sonja)
 34733 | Abyss:2  | Found a corrupted altar of Lugonu.
 34746 | Abyss:2  | Fell from the grace of Sif Muna
 34746 | Abyss:2  | Became a worshipper of Lugonu the Unformed
 34746 | Abyss:2  | Reached * piety under Lugonu
 34780 | Abyss:2  | Killed from afar by a wretched star

Illustrated notes

Levels and vault maps discovered:
D:1:      nicolae_arrival_memento_mori, layout_basic
D:2:      layout_loops_ring, basic_altar, serial_bayou_pond_d,
          minmay_misc_feat_room
D:3:      layout_basic, ebering_ecumenical_altar_petrified, serial_shops, shop,
          kennysheep_boxes, uniq_natasha
D:4:      layout_cave_pools, nicolae_ru_sacrificial_ziggurat,
          minmay_diced_spiral
D:5:      layout_loops_ring, uniq_edmund
D:6:      layout_cave_pools, tgw_fedhas
D:7:      layout_basic, mainiacjoe_overflow_24_doors,
          mainiacjoe_overflow_cross_hatched,
          chequers_temple_overflow_statue_of_worship, temple_statues
D:8:      layout_rooms, enter_bailey_7, gup_ossuary_entry_pyramid
D:9:      layout_loops_ring, serial_shops, nicolae_shop_crystal, uniq_pikel
D:10:     minmay_weird_star, layout_cave_pools, marbit_many_paths,
          mainiacjoe_overflow_alcove_4, orc_0_dummy, serial_shops,
          nicolae_lakefront_shop, shop, nicolae_diamond_shop,
          grunt_decor_arrowhead, nicolae_water_bricks, uniq_harold
D:11:     layout_cave_pools, erik_lair_dragon, grunt_ministairs_6,
          uniq_josephine
D:12:     minmay_connected_boxes_in_corner, layout_stronghold,
          serial_co_window_serial, co_window_corner_a, co_window_paths_b,
          co_window_paths_a, co_window_corner_a, co_window_paths_a,
          co_window_corner_b, co_window_corner_b, co_window_broadway_a,
          co_window_corner_ca, co_window_paths_e, glass_columns_a,
          glass_columns_b, minivault_16
D:13:     layout_long_grid
D:14:     minmay_twisted_water, layout_loops_cross, grunt_vaults_entry_tiered,
          minmay_stone_trees_small, serial_shops, shop, minivault_14,
          uniq_roxanne, uniq_agnes
D:15:     gammafunk_enter_depths_forms, layout_irregular_city,
          ebering_ghost_reflecting_pool, hangedman_corner_corridor
Temple:   nicolae_temple_god_jail
Lair:1:   layout_loops_ring, grunt_forest_small_clearing_treed, uniq_sonja
Orc:1:    layout_caves, serial_shops, nicolae_shop_gadgets, uniq_snorg
Orc:2:    grunt_orc_cross, layout_caves
Abyss:2:  base: D:1, minivault_13

Skill      XL: |  1  2  3  4  5  6  7  8  9 10 11 12 13 14 |
---------------+-------------------------------------------+-----
Stealth        | 2 |  2.0
Dodging        | 2 3 4 5 6 |  6.9
Air Magic      | 4 5 6 8 9 11 12 14 15 17 | 17.2
Conjurations   | 2 3 4 5 7 8 10 11 12 13 | 13.3
Spellcasting   | 3 4 5 7 9 11 13 14 | 14.2
Fighting       | 1 2 5 |  5.9

Action                   |  1- 3 |  4- 6 |  7- 9 | 10-12 | 13-15 || total
-------------------------+-------+-------+-------+-------+-------++-------
Melee: Unarmed           |    17 |       |       |       |       ||    17
       Tailslap          |     7 |     3 |    11 |    46 |    71 ||   138
       Dagger            |    33 |     5 |    17 |   339 |   396 ||   790
       Whip              |       |    27 |       |       |       ||    27
       Spear             |       |     2 |     2 |       |       ||     4
       War axe           |       |    14 |       |     6 |       ||    20
       Mace              |       |     6 |    37 |       |       ||    43
       Flail             |       |       |    73 |       |       ||    73
       Falchion          |       |       |       |    16 |    34 ||    50
       Scimitar          |       |       |       |       |    51 ||    51
 Cast: Shock             |    74 |   127 |   152 |    28 |     7 ||   388
       Mephitic Cloud    |       |       |    16 |    74 |   156 ||   246
       Airstrike         |       |       |    32 |   114 |   332 ||   478
       Swiftness         |       |       |     1 |     1 |       ||     2
       Stone Arrow       |       |       |       |       |     6 ||     6
       Maxwell's Capacit |       |       |       |       |     1 ||     1
 Abil: Breathe Lightning |       |       |     4 |       |       ||     4
Evoke: Wand              |       |       |       |       |     6 ||     6
  Use: Potion            |       |       |       |     1 |       ||     1
       Scroll            |       |       |       |    13 |     6 ||    19
 Stab: Confused          |       |       |     4 |    30 |    30 ||    64
       Sleeping          |       |       |     2 |       |       ||     2
Armor: Skin              |    21 |    23 |    84 |   115 |   123 ||   366
Dodge: Dodged            |    36 |    60 |   118 |   249 |   430 ||   893
       Repelled          |       |       |       |       |     6 ||     6
Block: Buckler           |       |       |       |       |    11 ||    11

Table legend: (Time is in decaauts)
 A = Elapsed time spent in this place.
 B = Non-inter-level travel time spent in this place.
 C = Inter-level travel time spent in this place.
 D = Time resting spent in this place.
 E = Time spent auto-exploring this place.
 F = Levels seen in this place.
 G = Mean time per level.
                   A        B        C        D        E       F      G
               +--------+--------+--------+--------+--------+-----+--------+
         Total |  34956 |  33967 |    989 |  16067 |   8540 |  21 | 1664.6 |
       Dungeon |  29158 |  28221 |    937 |  13201 |   7776 |  15 | 1943.9 |
        Temple |     21 |     21 |      0 |      0 |      0 |   1 |   21.0 |
          Lair |    137 |    137 |      0 |     13 |     19 |   1 |  137.0 |
  Orcish Mines |   4661 |   4611 |     50 |   2435 |    745 |   2 | 2330.5 |
         Abyss |     94 |     94 |      0 |     53 |      0 |   1 |   94.0 |
        Bailey |    883 |    883 |      0 |    365 |      0 |   1 |  883.0 |
               +--------+--------+--------+--------+--------+-----+--------+

Top non-repeatable levels by time:
    D:12: 4459 daAuts
    D:14: 3126 daAuts
    D:11: 2923 daAuts
   Orc:2: 2696 daAuts
    D:13: 2629 daAuts
    D:10: 2397 daAuts
   Orc:1: 1964 daAuts
    D:15: 1648 daAuts
     D:9: 1585 daAuts
     D:4: 1583 daAuts
     D:1: 1513 daAuts
     D:5: 1451 daAuts
     D:7: 1401 daAuts
     D:3: 1227 daAuts
     D:2: 1193 daAuts
